 Dungeon Crawl Stone Soup version 0.26-a0-958-gf3041fb45f (webtiles) character file.

Game seed: 8316017341521405829

2774 Gargoyl the Fighter (level 9, 0/74 HPs)
             Began as a Gnoll Abyssal Knight on Dec 1, 2020.
             Was a Priest of Lugonu.
             Slain by a gnoll
             ... wielding a +1 halberd of electrocution
              (19 damage)
             ... in a bailey.
             The game lasted 00:11:39 (8976 turns).

Gargoyl the Fighter (Gnoll Abyssal Knight)          Turns: 8976, Time: 00:11:39

Health: 0/74       AC: 15    Str: 17    XL:     9   Next: 70%
Magic:  15/15      EV:  5    Int: 15    God:    Lugonu [***...]
Gold:   440        SH: 14    Dex: 15    Spells: 17/17 levels left

rFire    + . .     SeeInvis +   a - +4 hand axe
rCold    + . .     Faith    .   x - +0 kite shield
rNeg     . . .     Spirit   .   y - +0 plate armour
rPois    .         Reflect  +   (no helmet)
rElec    .         Harm     .   w - scarf {rC+ rF+}
rCorr    .         Rampage  .   (no gloves)
MR       .....                  f - +1 pair of boots
Stlth    ..........             z - amulet of reflection
HPRegen  0.22/turn              c - ring of see invisible
MPRegen  0.14/turn              (no ring)

@: no status effects
A: distributed training, fangs 1, strong nose
a: Depart the Abyss, Bend Space, Banish, Renounce Religion


You were in a bailey.
You worshipped Lugonu.
Lugonu was most pleased with you.
You visited 1 branch of the dungeon, and saw 7 of its levels.
You visited the Abyss 1 time.
You also visited: Bailey.

You collected 440 gold pieces.

Inventory:

Hand Weapons
 a - a +4 hand axe (weapon)
 r - a +5 dire flail of holy wrath
Missiles
 h - 26 poisoned darts (quivered)
Armour
 f - a +1 pair of boots (worn)
 w - a scarf of resistance (worn)
 x - a +0 kite shield (worn)
 y - a +0 plate armour (worn)
Jewellery
 c - a ring of see invisible (left hand)
 z - an amulet of reflection (around neck)
Wands
 b - a wand of polymorph (6)
 n - a wand of digging (4)
 p - a wand of flame (41)
 u - a wand of paralysis (9)
Scrolls
 i - a scroll of fog
 l - 3 scrolls of teleportation
 o - a scroll of identify
 s - a scroll of magic mapping
 v - 2 scrolls of remove curse
Potions
 d - 2 potions of mutation
 e - a potion of curing
 g - 2 potions of cancellation
 j - 5 potions of heal wounds
 k - a potion of attraction {unknown}
 m - a potion of brilliance {unknown}
 t - 2 potions of haste


   Skills:
 + Level 8.0 Fighting
 + Level 4.5 Short Blades
 + Level 4.5 Long Blades
 + Level 6.5 Axes
 + Level 4.5 Maces & Flails
 + Level 4.5 Polearms
 + Level 4.5 Staves
 + Level 4.5 Slings
 + Level 4.5 Bows
 + Level 4.5 Crossbows
 + Level 4.5 Throwing
 + Level 6.5 Armour
 + Level 5.2 Dodging
 + Level 4.5 Stealth
 + Level 4.5 Shields
 + Level 4.5 Unarmed Combat
 + Level 4.5 Spellcasting
 + Level 3.7 Conjurations
 + Level 3.7 Hexes
 + Level 3.7 Summonings
 + Level 3.7 Necromancy
 + Level 3.7 Translocations
 + Level 3.7 Transmutations
 + Level 3.7 Fire Magic
 + Level 3.7 Ice Magic
 + Level 3.7 Air Magic
 + Level 3.7 Earth Magic
 + Level 3.7 Poison Magic
 + Level 6.8 Invocations
 + Level 4.5 Evocations


You had 17 spell levels left.
You didn't know any spells.
Your spell library contained the following spells:

 Spells                   Type           Power        Failure   Level
 Magic Dart               Conj           ##..         99%         1
 Blink                    Tloc           N/A          100%        2
 Call Imp                 Summ           ##......     100%        2
 Slow                     Hex            ##......     100%        2
 Conjure Flame            Conj/Fire      ##......     100%        3
 Mephitic Cloud           Conj/Pois/Air  ##......     100%        3


Dungeon Overview and Level Annotations

Branches:
Dungeon (7/15)             Temple (0/1) D:7          Bailey (1/1)

Altars:
Fedhas
Gozag
Hepliaklqana
Kikubaaqudgha
Okawaru
Qazlal
Trog
The Shining One


Innate Abilities, Weirdness & Mutations

Your experience applies equally to all skills.
You have very sharp teeth.
Your uncanny sense of smell can sniff out nearby items.


Message History

Lugonu accepts your kill.
You slash the kobold!
You kill the kobold!
Lugonu accepts your kill.
The gnoll hits you from afar with a +1 halberd of electrocution!
You are electrocuted!
* * * LOW HITPOINT WARNING * * *
You block the gnoll's attack.
The kobold throws a boomerang.
You reflect the boomerang off an invisible shield around you!
The boomerang hits the kobold.
The weapon returns to the kobold!
You block the gnoll's attack. The kobold hits you but does no damage.
The gnoll hits you but does no damage.
Things that are here:
4 boomerangs; a kobold corpse You hit the gnoll but do no damage.
You hit the kobold.
You kill the kobold!
Lugonu accepts your kill.
You slash the gnoll! The gnoll hits you but does no damage.
You are electrocuted!!
You die...

#g # ## ###
.# .# #.#
'##'##'#
#.....#
###.....###
#.'(.g..'.#
#(@...#
##((g..#
##'##'##'#
#∩## .# .'
### ## #


You could see 3 gnolls.

Vanquished Creatures
  Pikel (D:5)
  Edmund (D:5)
  A water moccasin (D:5)
  Duvessa (D:4)
  2 phantoms
  2 ogres
  3 centaurs
  A big kobold (D:7)
  A gnoll sergeant (D:4)
  Dowan (D:4)
  2 scorpions (D:5)
  The ghost of thewurscht the Ducker, a weakling OpGl (D:3)
  2 howler monkeys
  Crazy Yiuf (D:2)
  A centaur skeleton (D:5)
  3 hounds
  A jelly (D:6)
  An orc priest (D:7)
  4 orc wizards
  Jessica (D:3)
  Ijyb (D:3)
  4 iguanas
  A worker ant (D:7)
  A killer bee zombie (D:6)
  A howler monkey zombie (D:5)
  7 gnolls
  9 adders
  4 shadow imps
  A white imp (D:6)
  3 ufetubi
  4 oozes
  2 adder skeletons (D:4)
  2 adder zombies
  4 worms
  5 dart slugs
  2 leopard geckos
  11 orcs
  3 giant cockroaches
  9 goblins
  8 hobgoblins
  4 jackals
  2 quokkas
  3 ball pythons
  9 bats
  2 frilled lizards
  15 kobolds
  A rat (D:1)
149 creatures vanquished.

Notes
Turn   | Place    | Note
-------+----------+-------------------------------------------
     0 | Abyss:1  | Gargoyl the Gnoll Abyssal Knight began the quest for the
                  | Orb.
     0 | Abyss:1  | Reached XP level 1. HP: 23/23 MP: 3/3
   258 | Abyss:1  | Noticed a ynoxinul
   277 | Abyss:1  | Noticed a rakshasa
   285 | Abyss:1  | HP: 1/23 [rakshasa/lance of force (17)]
   286 | D:1      | Escaped the Abyss
   715 | D:1      | Reached XP level 2. HP: 29/29 MP: 5/5
  1198 | D:1      | Reached * piety under Lugonu
  1199 | D:1      | Reached XP level 3. HP: 35/35 MP: 6/6
  1761 | D:2      | Found an opulent altar of Gozag.
  1884 | D:2      | Reached skill level 1 in Short Blades
  1884 | D:2      | Reached skill level 1 in Long Blades
  1884 | D:2      | Reached skill level 1 in Maces & Flails
  1884 | D:2      | Reached skill level 1 in Polearms
  1884 | D:2      | Reached skill level 1 in Staves
  1884 | D:2      | Reached skill level 1 in Slings
  1884 | D:2      | Reached skill level 1 in Bows
  1884 | D:2      | Reached skill level 1 in Crossbows
  1884 | D:2      | Reached skill level 1 in Throwing
  1884 | D:2      | Reached skill level 1 in Stealth
  1884 | D:2      | Reached skill level 1 in Shields
  1884 | D:2      | Reached skill level 1 in Unarmed Combat
  1884 | D:2      | Reached skill level 1 in Spellcasting
  1884 | D:2      | Reached skill level 1 in Evocations
  2206 | D:2      | Reached XP level 4. HP: 41/41 MP: 7/7
  2474 | D:2      | Reached skill level 1 in Conjurations
  2474 | D:2      | Reached skill level 1 in Hexes
  2474 | D:2      | Reached skill level 1 in Summonings
  2474 | D:2      | Reached skill level 1 in Necromancy
  2474 | D:2      | Reached skill level 1 in Translocations
  2474 | D:2      | Reached skill level 1 in Transmutations
  2474 | D:2      | Reached skill level 1 in Fire Magic
  2474 | D:2      | Reached skill level 1 in Ice Magic
  2474 | D:2      | Reached skill level 1 in Air Magic
  2474 | D:2      | Reached skill level 1 in Earth Magic
  2474 | D:2      | Reached skill level 1 in Poison Magic
  2535 | D:2      | Found a runed translucent door.
  2536 | D:2      | Noticed Crazy Yiuf
  2789 | D:2      | Killed Crazy Yiuf
  2790 | D:2      | Reached XP level 5. HP: 25/47 MP: 8/8
  3020 | D:3      | Found a runed translucent door.
  3023 | D:3      | Noticed thewurscht's ghost (weakling OpGl)
  3037 | D:3      | Killed thewurscht's ghost
  3115 | D:3      | Found a hazy altar of Hepliaklqana.
  3318 | D:3      | Noticed Jessica
  3333 | D:3      | Killed Jessica
  3334 | D:3      | Reached skill level 5 in Invocations
  3342 | D:3      | Reached ** piety under Lugonu
  3560 | D:3      | Noticed Ijyb
  3563 | D:3      | Reached XP level 6. HP: 53/53 MP: 9/9
  3570 | D:3      | Killed Ijyb
  3815 | D:4      | Noticed a two-headed ogre
  3821 | D:4      | HP: 1/53 [two-headed ogre/+0 dire flail (8)]
  3830 | D:5      | Entered Level 5 of the Dungeon
  3869 | D:5      | Reached skill level 5 in Axes
  3869 | D:5      | Reached skill level 5 in Armour
  4026 | D:5      | Noticed Edmund
  4035 | D:5      | Reached XP level 7. HP: 32/59 MP: 10/10
  4048 | D:5      | Killed Edmund
  4049 | D:5      | Reached skill level 7 in Fighting
  4060 | D:5      | Found an ancient bone altar of Kikubaaqudgha.
  4063 | D:5      | Noticed Pikel
  4107 | D:5      | Killed Pikel
  4108 | D:5      | Reached XP level 8. HP: 18/67 MP: 12/12
  4630 | D:4      | Noticed Duvessa
  4632 | D:4      | Noticed Dowan
  4828 | D:4      | Killed Duvessa
  4840 | D:4      | Killed Dowan
  5069 | D:4      | Found a stormy altar of Qazlal.
  5753 | D:5      | Reached *** piety under Lugonu
  5942 | D:5      | Reached XP level 9. HP: 72/72 MP: 14/14
  6287 | D:5      | Found a bloodstained altar of Trog.
  6297 | D:5      | Found an iron altar of Okawaru.
  6358 | D:5      | Found a blossoming altar of Fedhas.
  7057 | D:6      | Noticed a hornet
  7065 | D:6      | Paralysed by a hornet for 1 turns
  7069 | D:6      | Banished a hornet
  7090 | D:5      | HP: 3/74 [poisoned by a hornet]
  7098 | D:5      | HP: 3/74 [poisoned by a hornet]
  7453 | D:6      | Reached skill level 5 in Dodging
  7911 | D:6      | Found a glowing golden altar of the Shining One.
  8689 | D:7      | Reached skill level 8 in Fighting
  8922 | D:7      | Found a flagged portal.
  8934 | D:7      | Found a staircase to the Ecumenical Temple.
  8937 | Bailey   | Entered a bailey
  8976 | Bailey   | Slain by a gnoll

Illustrated notes

Levels and vault maps discovered:
D:1:      doesnt_arrival_eight_statues, layout_loops_corners,
          minmay_misc_feat_ornament, minmay_strange_pillars
D:2:      layout_loops_corners, nicolae_gozag_cash_rules_everything_around_me,
          uniq_crazy_yiuf_cottage
D:3:      layout_basic, overflow_temple_1_default, gammafunk_ghost_grave,
          uniq_jessica, uniq_ijyb
D:4:      layout_cave_pools, nicolae_qazlal_eye_of_the_storm,
          corexii_checkpoint_b, lightli_minifort, uniq_duvessa
D:5:      layout_basic, marbit_many_paths, gammafunk_temple_overflow_forgotten,
          serial_corexii_hall, corexii_hall_statues_l,
          chequers_hall_statues_wall_a, chequers_hall_statues_wall_a,
          corexii_hall_statues_i, uniq_edmund, uniq_pikel
D:6:      layout_basic, tso_metal_star
D:7:      layout_basic, minmay_temple_entry_proselytizer, enter_bailey_5,
          minmay_ruined_shrine, uniq_harold
Bailey:   bailey_axe_2, bailey

Skill      XL: |  1  2  3  4  5  6  7  8  9 |
---------------+----------------------------+-----
Short Blades   | 1 2 3 4 |  4.5
Long Blades    | 1 2 3 4 |  4.5
Maces & Flails | 1 2 3 4 |  4.5
Polearms       | 1 2 3 4 |  4.5
Staves         | 1 2 3 4 |  4.5
Slings         | 1 2 3 4 |  4.5
Bows           | 1 2 3 4 |  4.5
Crossbows      | 1 2 3 4 |  4.5
Throwing       | 1 2 3 4 |  4.5
Stealth        | 1 2 3 4 |  4.5
Shields        | 1 2 3 4 |  4.5
Unarmed Combat | 1 2 3 4 |  4.5
Spellcasting   | 1 2 3 4 |  4.5
Evocations     | 1 2 3 4 |  4.5
Conjurations   | 1 2 3 |  3.7
Hexes          | 1 2 3 |  3.7
Summonings     | 1 2 3 |  3.7
Necromancy     | 1 2 3 |  3.7
Translocations | 1 2 3 |  3.7
Transmutations | 1 2 3 |  3.7
Fire Magic     | 1 2 3 |  3.7
Ice Magic      | 1 2 3 |  3.7
Air Magic      | 1 2 3 |  3.7
Earth Magic    | 1 2 3 |  3.7
Poison Magic   | 1 2 3 |  3.7
Dodging        | 3 4 5 |  5.2
Invocations    | 5 6 |  6.8
Axes           | 5 6 |  6.5
Armour         | 5 6 |  6.5
Fighting       | 7 8 |  8.0

Action                   |  1- 3 |  4- 6 |  7- 9 || total
-------------------------+-------+-------+-------++-------
Melee: Hand axe          |    89 |   120 |   306 ||   515
       Bite              |     3 |    14 |    43 ||    60
       Unarmed           |       |     5 |    13 ||    18
       Punch             |       |     1 |     1 ||     2
       Dire flail        |       |       |    41 ||    41
Throw: Dart              |       |       |    25 ||    25
Invok: Depart the Abyss  |     1 |       |       ||     1
       Bend Space        |       |       |     2 ||     2
       Banish            |       |       |     1 ||     1
  Use: Scroll            |     5 |     4 |     9 ||    18
       Potion            |       |     5 |     3 ||     8
 Stab: Confused          |       |     1 |     1 ||     2
Armor: Leather armour    |    11 |       |       ||    11
       Chain mail        |    53 |    59 |   155 ||   267
       Plate armour      |       |       |    41 ||    41
Dodge: Dodged            |    44 |    48 |   126 ||   218
Block: Kite shield       |       |       |   126 ||   126
       Reflection        |       |       |    23 ||    23

Table legend: (Time is in decaauts)
 A = Elapsed time spent in this place.
 B = Non-inter-level travel time spent in this place.
 C = Inter-level travel time spent in this place.
 D = Time resting spent in this place.
 E = Time spent auto-exploring this place.
 F = Levels seen in this place.
 G = Mean time per level.
                   A        B        C        D        E       F      G
               +--------+--------+--------+--------+--------+-----+--------+
         Total |   9035 |   8846 |    189 |   1406 |   5765 |   9 | 1003.9 |
       Dungeon |   8710 |   8521 |    189 |   1374 |   5523 |   7 | 1244.3 |
         Abyss |    286 |    286 |      0 |      0 |    242 |   1 |  286.0 |
        Bailey |     38 |     38 |      0 |     32 |      0 |   1 |   38.0 |
               +--------+--------+--------+--------+--------+-----+--------+

Top non-repeatable levels by time:
     D:5: 2066 daAuts
     D:2: 1428 daAuts
     D:1: 1265 daAuts
     D:6: 1210 daAuts
     D:4: 1205 daAuts
     D:3: 977 daAuts
     D:7: 556 daAuts
 Abyss:1: 286 daAuts
  Bailey: 38 daAuts
